 Dungeon Crawl Stone Soup version 0.29-a0-330-g52719c12eb (webtiles) character file.

Game seed: 3545241431826516017

494 Ajdolov the Insei (level 7, -5/38 HPs)
             Began as a Vine Stalker Monk on May 10, 2022.
             Succumbed to a gnoll sergeant's poison
             ... on level 4 of the Dungeon.
             The game lasted 00:05:04 (4509 turns).

Ajdolov the Insei (Vine Stalker Monk)               Turns: 4509, Time: 00:05:05

Health: -5/38      AC:  9    Str: 15    XL:     7   Next: 15%
Magic:  5/8        EV:  7    Int: 10    God:
Gold:   194        SH:  0    Dex: 17    Spells: 6/6 levels left

rFire   . . .      SeeInvis .     - Unarmed
rCold   . . .      Faith    .   (no shield)
rNeg    . . .      Spirit   +   k - +0 chain mail
rPois   .          Reflect  .   (no helmet)
rElec   .          Harm     .   (no cloak)
rCorr   .          Rampage  .   o - +0 pair of gloves
Will    .....                   (no boots)
Stlth   ..........              (no amulet)
HPRegen 0.92/turn               (no ring)
MPRegen 0.11/turn               (no ring)

@: lethally poisoned (-5 -> -29)
A: fangs 2, regeneration 1, magic shield, antimagic bite, no potion heal 2,
robust 1
a: no special abilities


You were on level 4 of the Dungeon.
You visited 1 branch of the dungeon, and saw 4 of its levels.

You collected 194 gold pieces.

Inventory:

Armour
 k - a +0 chain mail (worn)
 o - a +0 pair of gloves (worn)
Wands
 j - a wand of charming (5)
 l - a wand of digging (7)
Scrolls
 a - a scroll of immolation {unknown}
 c - 5 scrolls of teleportation {unknown}
 d - 2 scrolls of magic mapping {unknown}
 e - 2 scrolls of identify {unknown}
 h - a scroll of enchant weapon {unknown}
 i - a scroll of fear {unknown}
 n - a scroll of amnesia {unknown}
 p - a scroll of holy word {unknown}
 q - a scroll of noise {unknown}
Potions
 b - a potion of ambrosia
 f - 3 potions of mutation
 g - a potion of brilliance {unknown}
 m - 2 potions of haste {unknown}


   Skills:
 - Level 2.6 Fighting
 - Level 2.4 Dodging
 - Level 2.4 Stealth
 * Level 7.9 Unarmed Combat


You had 6 spell levels left.
You didn't know any spells.
Your spell library contained the following spells:

 Spells                   Type           Power      Damage    Failure   Level
 Conjure Flame            Conj/Fire      0%         6-21      100%        3
 Ignite Poison            Fire/Tmut/Pois 0%         N/A       100%        3
 Sticky Flame             Conj/Fire      0%         2d3       100%        4


Dungeon Overview and Level Annotations

Branches:
Dungeon (4/15)
 Temple: D:4-7

Altars:
Elyvilon
Sif Muna
Yredelemnul


Innate Abilities, Weirdness & Mutations

You have extremely sharp teeth.
Your natural rate of healing is unusually fast.
When hurt, damage is shared between your health and your magic reserves.
Your bite disrupts and absorbs the magic of your enemies.
Potions cannot restore your health.
You are robust. (+10% HP)


Message History

You feel very sick.
The gnoll sergeant hits you but does no damage.
You are more poisoned.
You barely miss the gnoll sergeant.
You bite the gnoll sergeant, but do no damage.
The gnoll sergeant is lightly wounded.
You feel very sick.
The gnoll sergeant hits you with a +3 trident of venom.
You are more poisoned.
You hit the gnoll sergeant but do no damage.
The gnoll sergeant is lightly wounded.
You feel very sick.
The gnoll sergeant hits you but does no damage.
You hit the gnoll sergeant.
The gnoll sergeant is moderately wounded.
You feel very sick.
The gnoll sergeant hits you with a +3 trident of venom.
You are more poisoned.
You hit the gnoll sergeant but do no damage.
You bite the gnoll sergeant. You drain its power.
The gnoll sergeant is heavily wounded.
You feel very sick.
The gnoll sergeant hits you with a +3 trident of venom.
You are more poisoned.
You closely miss the gnoll sergeant.
The gnoll sergeant is heavily wounded.
* * * LOW HITPOINT WARNING * * *
You feel extremely sick. The gnoll sergeant barely misses you.
You hit the gnoll sergeant. You bite the gnoll sergeant. You drain its power.
You feel invigorated.
The gnoll sergeant is severely wounded.
* * * LOW HITPOINT WARNING * * *
You feel very sick.
The gnoll sergeant hits you with a +3 trident of venom.
* * * LOW HITPOINT WARNING * * *
You are more poisoned.
It was a potion of mutation.
You feel extremely strange.
You feel robust.
You die...

.............#
.............#
.............#
.......[.....#
........<....#
########'######.
#...............
#...............
#....@..........
#...g..........#
#..............#
#......#########
#......' .. #......#.
... #......#.
...#####......# .
.............g#######


You could see a gnoll sergeant.

Vanquished Creatures
  A necrophage (D:2)
  A vampire bat (D:3)
  2 orc priests (D:3)
  Terence (D:3)
  2 orc wizards (D:3)
  5 gnolls (D:3)
  3 adders
  A white imp (D:4)
  2 worms (D:2)
  3 fire bats (D:3)
  9 orcs
  2 spectral bats (D:3)
  3 bat skeletons (D:3)
  A bat zombie (D:3)
  5 endoplasms
  A giant cockroach (D:1)
  8 goblins
  8 hobgoblins
  2 jackals (D:3)
  3 quokkas
  5 ball pythons
  15 bats
  A bat simulacrum (D:3)
  2 frilled lizards (D:1)
  9 kobolds
  2 rats
97 creatures vanquished.

Vanquished Creatures (others)
  A butterfly (D:3)
1 creature vanquished.

Grand Total: 98 creatures vanquished

Notes
Turn   | Place    | Note
-------+----------+-------------------------------------------
     0 | D:1      | Ajdolov the Vine Stalker Monk began the quest for the Orb.
     0 | D:1      | Reached XP level 1. HP: 11/11 MP: 2/2
   345 | D:1      | Reached XP level 2. HP: 13/16 MP: 3/3
  1617 | D:1      | Reached skill level 4 in Unarmed Combat
  1887 | D:2      | Reached XP level 3. HP: 19/19 MP: 4/4
  1923 | D:2      | Noticed a necrophage
  2042 | D:2      | Found a faded altar of an unknown god.
  2658 | D:2      | Found a basalt altar of Yredelemnul.
  3099 | D:2      | Killed a necrophage
  3100 | D:2      | Reached skill level 5 in Unarmed Combat
  3100 | D:2      | Gained mutation: Your natural rate of healing is unusually
                  | fast. [Vine Stalker growth]
  3100 | D:2      | Reached XP level 4. HP: 4/23 MP: 5/5
  3100 | D:2      | Reached XP level 5. HP: 4/27 MP: 6/6
  3295 | D:3      | Reached skill level 6 in Unarmed Combat
  3440 | D:3      | Noticed Terence
  3457 | D:3      | Killed Terence
  3458 | D:3      | Reached XP level 6. HP: 23/32 MP: 3/7
  3466 | D:3      | Found a white marble altar of Elyvilon.
  3897 | D:3      | Reached skill level 7 in Unarmed Combat
  4119 | D:3      | Reached XP level 7. HP: 34/35 MP: 6/8
  4273 | D:3      | Found a shimmering blue altar of Sif Muna.
  4508 | D:4      | HP: 1/35 [gnoll sergeant/+3 trident of venom (1)]
  4509 | D:4      | Gained mutation: You are robust. (+10% HP) [potion of
                  | mutation]
  4509 | D:4      | Succumbed to a gnoll sergeant's poison

Illustrated notes

Levels and vault maps discovered:
D:1:      tarquinn_simple_flora_water_a, layout_basic, serial_rivers,
          chequers_serial_rivers_marsh, chequers_serial_rivers_room_a,
          chequers_serial_rivers_room_a, chequers_serial_rivers_room_b,
          chequers_serial_rivers_small_a
D:2:      layout_loops_ring, basic_ecumenical_altar, basic_altar
D:3:      layout_loops_ring, nicolae_sif_muna_little_library,
          nicolae_elyvilon_peaceful_grove, goddamned_bats, uniq_terence
D:4:      corexii_shack_village, layout_gridville, grunt_decor_fettered

Skill      XL: |  1  2  3  4  5  6 |
---------------+-------------------+-----
Unarmed Combat | 4 5 6 7 |  7.9
Fighting       | |  2.6
Dodging        | |  2.4
Stealth        | |  2.4

Action                   |  1- 3 |  4- 6 |  7- 9 || total
-------------------------+-------+-------+-------++-------
Melee: Unarmed           |   134 |   124 |    34 ||   292
       Bite              |    38 |    35 |    12 ||    85
       Punch             |     4 |     8 |     3 ||    15
  Use: Potion            |       |       |     1 ||     1
 Stab: Sleeping          |     5 |     1 |       ||     6
Armor: Robe              |    22 |     4 |       ||    26
       Chain mail        |       |    56 |     9 ||    65
Dodge: Dodged            |    87 |    53 |    16 ||   156

Table legend: (Time is in decaauts)
 A = Elapsed time spent in this place.
 B = Non-inter-level travel time spent in this place.
 C = Inter-level travel time spent in this place.
 D = Time resting spent in this place.
 E = Time spent auto-exploring this place.
 F = Levels seen in this place.
 G = Mean time per level.
                   A        B        C        D        E       F      G
               +--------+--------+--------+--------+--------+-----+--------+
         Total |   4492 |   4275 |    217 |    121 |   3314 |   4 | 1123.0 |
       Dungeon |   4492 |   4275 |    217 |    121 |   3314 |   4 | 1123.0 |
               +--------+--------+--------+--------+--------+-----+--------+

Top non-repeatable levels by time:
     D:1: 2108 daAuts
     D:3: 1219 daAuts
     D:2: 1056 daAuts
     D:4: 107 daAuts
